AoeStats
← VaeVictus

Arabia

509142181Analyzed
1v1 RM · 8d ago on Sep 25, 2026· 30m 23s· 2 players
Game mode
Random Map
Map size
Tiny (2 player)
Population
200
Speed
Normal
Resources
Standard
Victory
Conquest
Starting age
Dark Age
Ending age
Imperial Age
RankedLock teamsTeams togetherTeam positionsShared explorationLock speedFull tech treeHidden civsTurbo modeCheats
Victory
Defeat
🇺🇸 Portuguese · United States
1114
+15
🇦🇷 Vikings · Argentina
1086
-15
SustanciaBlanca.
10:00 Feudal Age
9:46 Loom
10:26 Double-Bit Axe
10:22 Horse Collar
10:31 Town Watch
16:09 Gold Mining
17:10 Man-at-Arms
18:56 Forging
18:47 Scale Mail Armor
18:55 Fletching
23:47 Castle Age
21:55 Stone Mining
23:17 Padded Archer Armor
23:52 Long Swordsman
26:01 Squires
25:40 Crossbowman
VaeVictus
8:22 Loom
10:34 Feudal Age
14:59 Castle Age
16:31 Double-Bit Axe
16:26 Horse Collar
18:02 Bow Saw
Connection lost

Rejoining the realm…

Still unreachable

The connection could not be restored.

Session expired

The server has moved on; the page needs a fresh start.